 Dungeon Crawl Stone Soup version 0.26-a0-597-gb535b0901c (webtiles) character file.

Game seed: 886757355319536698

20064 Apogee the Thaumaturge (level 12, -9/76 (77) HPs)
             Began as a Deep Elf Conjurer on Sept 14, 2020.
             Was a High Priest of Vehumet.
             Mangled by Rupert
             ... wielding a +0 battleaxe of electrocution
              (11 damage)
             ... on level 12 of the Dungeon.
             The game lasted 00:34:27 (13596 turns).

Apogee the Thaumaturge (Deep Elf Conjurer)         Turns: 13596, Time: 00:34:28

HP:   -9/76 (77)    AC:  5    Str:  6    XL:     12   Next: 42%
MP:   2/30          EV: 18    Int: 31    God:    Vehumet [*****.]
Gold: 591           SH:  0    Dex: 17    Spells: 18/35 levels left

rFire    . . .     SeeInvis .   M - +10 spear of Extremism {elec, rPois}
rCold    + + .     Faith    .   (no shield)
rNeg     . . .     Spirit   .   x - +0 leather armour
rPois    +         Reflect  .   G - +0 helmet "Merphom" {rC++ Int+4}
rElec    .         Harm     .   (no cloak)
rCorr    .                      (no gloves)
MR       +....                  q - +0 pair of boots of Onip {Regen+ Dex+4}
Stlth    ++........             (no amulet)
HPRegen  0.62/turn              (no ring)
MPRegen  0.22/turn              (no ring)

@: mighty
A: no striking features
a: Renounce Religion


You were on level 12 of the Dungeon.
You worshipped Vehumet.
Vehumet was extremely pleased with you.
You visited 2 branches of the dungeon, and saw 14 of its levels.
You also visited: Bailey.

You collected 866 gold pieces.
You spent 275 gold pieces at shops.

Inventory:

Hand Weapons
 w - a +0 rapier
   (You took it off an orc on level 7 of the Dungeon)
 y - the +8 demon blade "Leech" {vamp, *Rage +Rage rN+}
   (You found it on level 8 of the Dungeon)

   It inflicts no extra harm, but heals its wielder when it wounds a living foe.
   It protects you from negative energy.
   It lets you go berserk.
   It may make you go berserk in combat.
 E - a +0 dagger
   (You took it off a goblin on level 1 of the Dungeon)
 M - the +10 spear of Extremism (weapon) {elec, rPois}
   (You found it on level 11 of the Dungeon)

   Occasionally, upon striking a foe, it will discharge some electrical energy
   and cause terrible harm.
   It protects you from poison.
Missiles
 h - a throwing net (quivered) {!f}
Armour
 a - a +0 robe
 q - the +0 pair of boots of Onip (worn) {Regen+ Dex+4}
   (You found it on level 5 of the Dungeon)

   It affects your dexterity (+4).
   It increases your rate of regeneration.
 x - a +0 leather armour (worn)
   (You took it off an orc on level 7 of the Dungeon)
 G - the +0 helmet "Merphom" (worn) {rC++ Int+4}
   (You bought it in a shop on level 9 of the Dungeon)

   It affects your intelligence (+4).
   It greatly protects you from cold.
Jewellery
 f - an uncursed ring of positive energy {unknown}
   (You found it on level 3 of the Dungeon)
 m - an uncursed ring of ice {unknown}
   (You found it on level 4 of the Dungeon)
 o - an uncursed amulet of guardian spirit
   (You found it on level 4 of the Dungeon)
 K - an uncursed amulet of magic regeneration {unknown}
   (You found it on level 11 of the Dungeon)
 L - a cursed amulet of inaccuracy {unknown}
   (You found it on level 11 of the Dungeon)
Wands
 c - a wand of disintegration (4)
   (You found it on level 6 of the Dungeon)
 d - a wand of iceblast (9)
   (You took it off Erolcha on level 9 of the Dungeon)
 t - a wand of flame (20)
   (You found it on level 13 of the Dungeon)
 v - a wand of digging (4)
   (You found it on level 11 of the Dungeon)
 D - a wand of polymorph (5)
   (You found it on level 8 of the Dungeon)
Scrolls
 g - 5 scrolls of teleportation {@r4}
 i - a scroll of fog {unknown}
 k - 2 scrolls of amnesia {unknown}
 p - 3 scrolls of blinking {unknown}
 u - 2 scrolls of enchant weapon {unknown}
 A - 7 scrolls of identify {@r1}
 C - a scroll of silence {unknown}
 H - a scroll of summoning {unknown}
 I - a scroll of magic mapping {unknown}
 J - a scroll of enchant armour {unknown}
 N - a scroll of fear {unknown}
 O - 11 scrolls of remove curse {@r2}
Potions
 b - a potion of might
 e - 4 potions of curing {unknown}
 j - 2 potions of haste {unknown}
 l - 2 potions of cancellation {unknown}
 n - a potion of heal wounds {@q2}
 r - 3 potions of stabbing
 s - a potion of lignification {unknown}
 z - 2 potions of brilliance {unknown}
 B - 3 potions of flight {unknown}
 F - a potion of ambrosia {unknown}
 P - a potion of resistance {unknown}


   Skills:
 + Level 9.8 Fighting
 - Level 5.5 Long Blades
 - Level 2.0 Polearms
 + Level 9.5 Dodging
 - Level 2.4 Stealth
 - Level 12.0 Spellcasting
 - Level 10.0 Conjurations
 - Level 4.0 Hexes
 - Level 5.0 Translocations
 - Level 4.0 Earth Magic


You had 18 spell levels left.
You knew the following spells:

 Your Spells              Type           Power        Failure   Level
a - Magic Dart            Conj           ####         1%          1
b - Iron Shot             Conj/Erth      ######....   10%         6
s - Searing Ray           Conj           ######       1%          2
x - Iskenderun's Mystic   Conj/Tloc      ######..     1%          4
z - Fulminant Prism       Conj/Hex       ######....   1%          4

Your spell library contained the following spells:

 Spells                   Type           Power        Failure   Level
 Corona                   Hex            #####..      1%          1
 Dazzling Flash           Conj/Hex       ######       1%          3
 Gell's Gravitas          Tloc           #####.....   1%          3
 Ensorcelled Hibernation  Hex/Ice        ####..       2%          2
 Confusing Touch          Hex            #####...     2%          3
 Tukima's Dance           Hex            #####...     2%          3
 Summon Small Mammal      Summ           ###.         4%          1
 Summon Guardian Golem    Hex/Summ       ####....     5%          3
 Call Imp                 Summ           ###.....     6%          2
 Call Canine Familiar     Summ           ###.....     12%         3
 Yara's Violent Unravell  Hex/Tmut       ####......   13%         5
 Petrify                  Tmut/Erth      ####....     19%         4
 Summon Ice Beast         Ice/Summ       ###.....     38%         4
 Summon Lightning Spire   Summ/Air       ###.....     38%         4
 Metabolic Englaciation   Hex/Ice        ####......   45%         5


Dungeon Overview and Level Annotations

Branches:
Dungeon (13/15)            Temple (1/1) D:4            Lair (0/6) D:11
    Orc (0/2) D:10         Bailey (visited)
 Vaults: D:13-14

Altars:
Ashenzari
Cheibriados
Dithmenos
Elyvilon
Fedhas
Gozag
Makhleb
Trog
Uskayaw
Vehumet
Xom
Yredelemnul
Zin
The Shining One

Shops:
D:9 *

Annotations:
D:12 Kirke, Rupert


Message History

An adder comes into view.
The adder hisses angrily.
An adder is nearby!
An adder is nearby!
An adder is nearby!
You see here a yellow potion.
You reach to attack!
You hit the adder. You hit the adder. The adder bites you.
The adder completely misses you.
You puncture the adder!
You kill the adder!
Vehumet accepts your kill.
You see here an adder corpse.
You erupt in a blast of force!
The mystic blast hits Rupert!
Rupert is knocked back by the mystic blast.
Rupert slams into the rock wall!
Rupert roars wildly at you.
You struggle to resist.
The spell is quite dangerous to cast (10% risk of failure)!
Continue anyway?
Aim: Rupert, wielding a +0 battleaxe of electrocution and wearing a +0 scale mail (lightly wounded)
The iron shot hits Rupert!!!
Rupert roars madly and goes into a rage!
Rupert goes berserk!
The spell is quite dangerous to cast (10% risk of failure)!
Continue anyway?
Okay, then.
You erupt in a blast of force!
The mystic blast hits Rupert!!
Rupert is knocked back by the mystic blast.
The spell is quite dangerous to cast (10% risk of failure)!
Continue anyway?
Aim: Rupert, wielding a +0 battleaxe of electrocution and wearing a +0 scale mail (heavily wounded, berserk)
The iron shot hits Rupert!!
Rupert misses you.
The spell is quite dangerous to cast (10% risk of failure)!
Continue anyway?
Okay, then.
You erupt in a blast of force!
The mystic blast hits Rupert!
Rupert is knocked back by the mystic blast.
The spell is quite dangerous to cast (10% risk of failure)!
Continue anyway?
Aim: Rupert, wielding a +0 battleaxe of electrocution and wearing a +0 scale mail (severely wounded, berserk)
The iron shot hits Rupert!!
You don't have enough magic to cast that spell.
You hit Rupert but do no damage. Lightning courses through Rupert!!
Rupert hits you with a +0 battleaxe of electrocution!
Unknown command.
Okay, then.
You feel very mighty all of a sudden. Rupert hits you but does no damage.
You hit Rupert.
Rupert hits you with a +0 battleaxe of electrocution!!
* * * LOW HITPOINT WARNING * * *
Rupert hits you with a +0 battleaxe of electrocution!!
* * * LOW HITPOINT WARNING * * *
You are electrocuted!
You die...

######## #.......
###.......
############.'.......
#.(.......##.#....≈≈≈ .##
#.........'..#.....≈≈ #.
....#.........####)....≈_
#. #............#
#.....≈≈ #. #..@@!....#
####'≈.≈ ##.####
#######'### #†### .....
#.# #..# ##.### #.# ##.##
####...<# #.# #....
#.......# #.# #....
..##....# #.# #....
####....# #.# #.... #
#....# #.# ###....


You could see Rupert (berserk).

Vanquished Creatures
  Erolcha (D:9)
  A hydra (D:12)
  Erica (D:9)
  3 two-headed ogres
  An unseen horror (D:11)
  2 orc knights (Bailey)
  A deep elf mage (D:12)
  An ugly thing (D:12)
  A manticore (D:12)
  A gargoyle (D:11)
  A komodo dragon (D:11)
  2 hornets
  A troll (D:11)
  4 slime creatures (D:12)
  2 hippogriffs
  Sigmund (D:5)
  3 wyverns
  2 wraiths
  A shadow (D:11)
  5 humans (D:8)
  A basilisk (D:11)
  14 yaks
  7 hogs (D:12)
  Edmund (D:5)
  A swamp drake (D:11)
  2 black bears
  5 sky beasts
  8 orc warriors
  4 ice beasts
  A phantom (D:7)
  A necrophage (D:5)
  2 eyes of draining
  5 centaurs
  6 ogres
  2 crocodiles (D:11)
  2 bullfrogs
  3 gnoll sergeants
  3 scorpions
  4 killer bees (D:9)
  2 bullfrog zombies
  A quasit (D:9)
  3 jellies
  5 hounds
  3 centaur skeletons
  2 centaur zombies
  10 orc priests
  A bullfrog skeleton (D:12)
  4 iguanas
  12 orc wizards
  4 worker ants
  A hound skeleton (D:9)
  2 worker ant zombies
  17 adders
  17 gnolls
  A shadow imp (D:5)
  A white imp (D:6)
  An ufetubus (D:9)
  An ooze (D:3)
  An adder zombie (D:8)
  2 adder skeletons
  4 worms
  2 dart slugs
  2 leopard geckos
  62 orcs
  9 giant cockroaches
  14 goblins
  5 hobgoblins
  4 jackals (D:1)
  7 kobolds
  5 quokkas
  2 ball pythons
  A ball python skeleton (D:5)
  10 bats
  6 frilled lizards
  A leopard gecko skeleton (D:4)
  A quokka zombie (D:8)
  5 rats
338 creatures vanquished.

Vanquished Creatures (others)
  50 fulminant prisms
  A plant (D:4)
51 creatures vanquished.

Grand Total: 389 creatures vanquished

Notes
Turn   | Place    | Note
-------+----------+-------------------------------------------
     0 | D:1      | Apogee the Deep Elf Conjurer began the quest for the Orb.
     0 | D:1      | Reached XP level 1. HP: 10/10 MP: 6/6
   201 | D:1      | Reached XP level 2. HP: 15/15 MP: 5/8
   755 | D:2      | Reached skill level 4 in Spellcasting
   759 | D:1      | Reached skill level 5 in Conjurations
   794 | D:1      | Learned a level 2 spell: Searing Ray
   796 | D:2      | Reached XP level 3. HP: 19/19 MP: 8/10
  1261 | D:2      | Found a white marble altar of Elyvilon.
  1551 | D:2      | Reached skill level 1 in Fighting
  1600 | D:2      | Reached XP level 4. HP: 25/25 MP: 7/12
  2034 | D:3      | Reached skill level 5 in Spellcasting
  2056 | D:3      | Found an opulent altar of Gozag.
  2378 | D:3      | Reached XP level 5. HP: 22/30 MP: 8/15
  2560 | D:4      | Noticed an ogre
  2568 | D:4      | Learned a level 4 spell: Iskenderun's Mystic Blast
  2580 | D:4      | Killed an ogre
  2580 | D:4      | Reached skill level 6 in Spellcasting
  2580 | D:4      | Reached skill level 1 in Translocations
  2580 | D:4      | Reached XP level 6. HP: 36/36 MP: 7/17
  2698 | D:4      | Found a staircase to the Ecumenical Temple.
  2712 | Temple   | Entered the Ecumenical Temple
  2797 | Temple   | Became a worshipper of Vehumet
  3436 | D:5      | Entered Level 5 of the Dungeon
  3558 | D:5      | Found a snail-covered altar of Cheibriados.
  3752 | D:5      | Got a pair of steaming boots
  3758 | D:5      | Identified the +0 pair of boots of Onip {Regen+ Dex+4} (You
                  | found it on level 5 of the Dungeon)
  3817 | D:5      | Noticed a sky beast
  3828 | D:5      | Killed a sky beast
  3828 | D:5      | Reached XP level 7. HP: 29/40 MP: 11/19
  3951 | D:5      | Noticed Sigmund
  3959 | D:5      | Killed Sigmund
  3959 | D:5      | Reached skill level 7 in Spellcasting
  4026 | D:5      | Noticed Edmund
  4039 | D:5      | Killed Edmund
  4255 | D:5      | Found a shadowy altar of Dithmenos.
  4347 | D:5      | Reached skill level 5 in Translocations
  4392 | D:5      | Found a shattered altar of Ashenzari.
  4416 | D:5      | Learned a level 4 spell: Fulminant Prism
  4854 | D:5      | Reached skill level 1 in Hexes
  4983 | D:6      | Reached * piety under Vehumet
  4983 | D:6      | Offered knowledge of Freeze by Vehumet.
  4983 | D:6      | Reached XP level 8. HP: 47/47 MP: 16/21
  5046 | D:6      | Reached skill level 8 in Spellcasting
  5217 | D:6      | Found a shimmering altar of Xom.
  6088 | D:7      | Reached skill level 9 in Spellcasting
  6104 | D:7      | Reached skill level 5 in Fighting
  6125 | D:7      | Reached XP level 9. HP: 43/53 MP: 5/24
  6837 | D:8      | Paralysed by a hornet for 3 turns
  6949 | D:8      | Reached skill level 10 in Spellcasting
  7103 | D:8      | Noticed a two-headed ogre
  7114 | D:8      | Killed a two-headed ogre
  7398 | D:8      | Reached ** piety under Vehumet
  7398 | D:8      | Offered knowledge of Foxfire by Vehumet.
  7569 | D:8      | Reached skill level 11 in Spellcasting
  7866 | D:8      | Found the +8 demon blade "Leech" {vamp, *Rage +Rage rN+}
  8032 | D:8      | Reached XP level 10. HP: 39/60 MP: 20/27
  8545 | D:9      | Found a glowing silver altar of Zin.
  8628 | D:9      | Found a burning altar of Makhleb.
  8650 | D:9      | Noticed Erolcha
  8671 | D:9      | Killed Erolcha
  8671 | D:9      | Reached skill level 1 in Long Blades
  8910 | D:9      | Offered knowledge of Inner Flame by Vehumet.
  9213 | D:9      | Reached *** piety under Vehumet
  9481 | D:9      | Found Sufeatunn's Assorted Antiques.
  9489 | D:9      | Bought an encrusted helmet for 275 gold pieces
  9494 | D:9      | Identified the +0 helmet "Merphom" {rC++ Int+4} (You bought
                  | it in a shop on level 9 of the Dungeon)
  9497 | D:9      | Noticed Erica
  9516 | D:9      | Killed Erica
  9516 | D:9      | Reached skill level 12 in Spellcasting
  9751 | D:10     | Entered Level 10 of the Dungeon
  9901 | D:10     | Found a flagged portal.
  9924 | Bailey   | Entered a bailey
  9926 | Bailey   | Noticed an orc knight
  9928 | Bailey   | Noticed an orc knight
  9930 | Bailey   | Reached XP level 11. HP: 67/67 MP: 18/29
  9936 | Bailey   | Killed an orc knight
  9936 | Bailey   | Reached skill level 10 in Conjurations
  9936 | Bailey   | Killed an orc knight
  9941 | Bailey   | Noticed an orc knight
  9950 | Bailey   | Identified the +5 short sword of Disembowelment {vorpal,
                  | Str+2}
 10140 | D:10     | Offered knowledge of Hailstorm by Vehumet.
 10152 | D:10     | Reached skill level 5 in Dodging
 10342 | D:10     | Found a staircase to the Orcish Mines.
 10353 | D:10     | Reached **** piety under Vehumet
 10360 | D:10     | Offered knowledge of Lee's Rapid Deconstruction by Vehumet.
 11355 | D:11     | Reached skill level 5 in Long Blades
 11425 | D:11     | Reached ***** piety under Vehumet
 11425 | D:11     | Offered knowledge of Iron Shot by Vehumet.
 11433 | D:11     | Learned a level 6 spell: Iron Shot
 11515 | D:11     | Killed an unseen horror
 11515 | D:11     | Reached skill level 1 in Earth Magic
 12066 | D:11     | Found a staircase to the Lair.
 12126 | D:11     | Got a slimy spear
 12127 | D:11     | Identified the +10 spear of Extremism {elec, rPois} (You
                  | found it on level 11 of the Dungeon)
 12528 | D:12     | Noticed a deep elf mage
 12529 | D:12     | Killed a deep elf mage
 12587 | D:12     | Noticed a seven-headed hydra
 12588 | D:12     | Noticed a two-headed ogre
 12596 | D:12     | Killed a seven-headed hydra
 12596 | D:12     | Reached skill level 1 in Polearms
 12596 | D:12     | Reached XP level 12. HP: 43/75 MP: 2/30
 12614 | D:12     | Killed a two-headed ogre
 12749 | D:12     | Noticed a two-headed ogre
 12755 | D:12     | Killed a two-headed ogre
 12915 | D:12     | Noticed Kirke
 12927 | D:12     | Noticed Rupert
 13521 | D:12     | Found a blossoming altar of Fedhas.
 13596 | D:12     | HP: 2/76 [Rupert/+0 battleaxe of electrocution (24)]
 13596 | D:12     | Mangled by Rupert

Illustrated notes

Levels and vault maps discovered:
D:1:      lordsloth_arrival_two_stooges, layout_rooms, minmay_misc_feat_encased
D:2:      layout_loops_ring, old_standard_altar, kennysheep_cross_room,
          minmay_split_cup_small
D:3:      layout_basic, lemuel_crystal_altar
D:4:      layout_rooms, minmay_temple_entry_gardened_gates,
          kennysheep_generic_room_2
D:5:      layout_basic, evilmike_ruin_ashenzari, kennysheep_slug_shrine,
          kennysheep_little_box, sigmund_edmund_badplayer
D:6:      layout_layer_cave, lemuel_round_altar, dk_rats_in_the_wall
D:7:      layout_cave_pools
D:8:      layout_basic, minmay_ruffians
D:9:      layout_long_grid, lemuel_doored_altar, overflow_temple_1_default,
          serial_shops, shop, uniq_erolcha, uniq_erica
D:10:     layout_basic, hiddenorc2_lemuel, enter_bailey_3
D:11:     layout_rooms, erik_lair_dragon
D:12:     layout_roguey, fedhas_altar_2, uniq_rupert, uniq_kirke
D:13:     layout_layer_cave, serial_shops, shop, minmay_misc_feat_cross,
          brannock_xom_greatest_gift, uniq_josephine
Temple:   minmay_temple_curvy_branch

Skill      XL: |  1  2  3  4  5  6  7  8  9 10 11 12 |
---------------+-------------------------------------+-----
Spellcasting   | 4 5 6 7 9 11 12 | 12.0
Conjurations   | 5 6 8 9 10 | 10.0
Fighting       | 1 2 3 4 5 6 7 9 |  9.8
Translocations | 1 3 5 |  5.0
Hexes          | 1 4 |  4.0
Long Blades    | 3 5 |  5.5
Dodging        | 4 7 9 |  9.5
Earth Magic    | 3 4 |  4.0
Polearms       | 1 2 |  2.0
Stealth        | |  2.4

Action                   |  1- 3 |  4- 6 |  7- 9 | 10-12 || total
-------------------------+-------+-------+-------+-------++-------
Melee: Dagger            |     5 |       |    73 |       ||    78
       Demon blade       |       |       |    11 |   134 ||   145
       Spear             |       |       |       |    42 ||    42
 Cast: Magic Dart        |    81 |    87 |   135 |    95 ||   398
       Searing Ray       |     1 |    11 |    33 |    35 ||    80
       Iskenderun's Myst |       |       |    27 |    44 ||    71
       Fulminant Prism   |       |       |     7 |    43 ||    50
       Iron Shot         |       |       |       |     8 ||     8
Evoke: Wand              |       |       |       |     5 ||     5
  Use: Scroll            |       |       |     7 |       ||     7
       Potion            |       |       |     1 |     1 ||     2
 Stab: Sleeping          |       |       |     1 |     2 ||     3
       Distracted        |       |       |       |     1 ||     1
Armor: Robe              |     3 |     2 |    11 |       ||    16
       Leather armour    |       |       |     7 |    40 ||    47
Dodge: Dodged            |    11 |     8 |    82 |   143 ||   244
       Rpst.: Demon blade |       |       |     2 |    26 ||    28

Table legend: (Time is in decaauts)
 A = Elapsed time spent in this place.
 B = Non-inter-level travel time spent in this place.
 C = Inter-level travel time spent in this place.
 D = Time resting spent in this place.
 E = Time spent auto-exploring this place.
 F = Levels seen in this place.
 G = Mean time per level.
                   A        B        C        D        E       F      G
               +--------+--------+--------+--------+--------+-----+--------+
         Total |  13696 |  13367 |    329 |   2163 |   9133 |  15 |  913.1 |
       Dungeon |  13550 |  13245 |    305 |   2157 |   9053 |  13 | 1042.3 |
        Temple |    110 |     86 |     24 |      0 |     80 |   1 |  110.0 |
        Bailey |     35 |     35 |      0 |      6 |      0 |   1 |   35.0 |
               +--------+--------+--------+--------+--------+-----+--------+

Top non-repeatable levels by time:
     D:8: 1533 daAuts
     D:5: 1488 daAuts
     D:9: 1366 daAuts
    D:10: 1350 daAuts
    D:11: 1205 daAuts
     D:2: 1092 daAuts
     D:7: 1066 daAuts
     D:6: 1039 daAuts
    D:12: 908 daAuts
     D:1: 792 daAuts
     D:4: 784 daAuts
     D:3: 656 daAuts
    D:13: 266 daAuts
  Temple: 110 daAuts
  Bailey: 35 daAuts
